 Dungeon Crawl Stone Soup version 0.18-b1-22-ge198996 (webtiles) character file.

139 Chiseanne the Magician (level 5, 35/35 HPs)
             Began as a Demonspawn Wizard on May 4, 2016.
             Quit the game on level 4 of the Dungeon.
             The game lasted 00:08:48 (4150 turns).

Chiseanne the Magician (Demonspawn Wizard)          Turns: 4150, Time: 00:08:49

Health: 35/35      AC:  7    Str:  8    XL:     5   Next: 1%
Magic:  3/11       EV: 12    Int: 20    God:
Gold:   134        SH:  2    Dex: 11    Spells: 5 memorised, 3 levels left

rFire  . . .     SeeInvis .     a - +0 spear
rCold  . . .     Gourm    .     h - +0 robe
rNeg   . . .     Faith    .     (no shield)
rPois  .         Spirit   .     p - +0 helmet
rElec  .         Dismiss  .     (no cloak)
rCorr  +         Reflect  .     n - +1 pair of gloves
SustAt .         Harm     .     (no boots)
MR     .....                    (no amulet)
Stlth  ++........               (no ring)
                                e - ring of resist corrosion

@: repel missiles, not resistant to hostile enchantments, unstealthy
A: claws 1, large bone plates 1
a: no special abilities


You were on level 4 of the Dungeon.
You were not hungry.

You visited 1 branch of the dungeon, and saw 4 of its levels.

You collected 134 gold pieces.

Inventory:

Hand Weapons
 a - a +0 spear (weapon)
 w - a +0 hunting sling
Missiles
 f - 101 stones (quivered)
 k - 5 needles of sleeping
 o - 16 sling bullets
 r - 43 arrows
 t - 23 bolts
Armour
 h - a +0 robe (worn)
 n - a +1 pair of gloves (worn)
 p - a +0 helmet (worn)
Jewellery
 e - a ring of resist corrosion (left hand)
Wands
 s - a wand of random effects (32/48)
 y - a wand of lightning (7/15)
Scrolls
 b - 2 scrolls of enchant armour
 j - a scroll of blinking
 m - a scroll of remove curse
Potions
 c - a potion of curing {unknown}
 i - 2 potions of degeneration {unknown}
 l - a potion of haste {unknown}
 q - a potion of lignification
 v - a potion of might {unknown}
 x - a potion of mutation {unknown}
Comestibles
 d - 3 bread rations
 g - 2 meat rations
 u - 4 fruits


   Skills:
 - Level 1.7 Dodging
 - Level 1.7 Stealth
 * Level 4.3 Spellcasting
 * Level 3.5 Conjurations
   Level 1.0 Summonings
 - Level 0.8 Translocations


You had 3 spell levels left.
You knew the following spells:

 Your Spells              Type           Power        Failure   Level  Hunger
a - Magic Dart            Conj           ###.         2%          1    None
b - Blink                 Tloc           N/A          17%         2    #......
c - Repel Missiles        Chrm/Air       #.....       21%         2    #......
d - Mephitic Cloud        Conj/Pois/Air  #.......     24%         3    ###....
e - Apportation           Tloc           #.........   12%         1    None


Dungeon Overview and Level Annotations

Branches:
Dungeon (4/15)
 Temple: D:4-7

Altars:
Ashenzari
Makhleb
Ru
Xom
Yredelemnul


Innate Abilities, Weirdness & Mutations

You have sharp fingernails.
You are partially covered in large bone plates (AC +2, SH +2).


Message History

The magic dart hits the dart slug.
The dart slug is heavily wounded.
Casting: Magic Dart
Confirm with . or Enter, or press ? or * to list all spells.
Aiming: Magic Dart
Press: ? - help, Shift-Dir - straight line, f/p - dart slug
Aim: a dart slug (heavily wounded)
The magic dart hits the dart slug.
The dart slug is almost dead.
Casting: Magic Dart
Confirm with . or Enter, or press ? or * to list all spells.
Aiming: Magic Dart
Press: ? - help, Shift-Dir - straight line, f/p - dart slug
Aim: a dart slug (almost dead)
The magic dart hits the dart slug.
You kill the dart slug!
You have reached level 5!
Your demonic ancestry asserts itself...
Your fingernails lengthen.
Are you sure you want to abandon this character and quit the game? (Confirm with "yes".)

######### #####
#<......# ....#
#######.#######
###.##########.......###
................@.†.....
###.# #.............###
..#.# #.............#
#.#.# #.......#######
....####.......#
#.#............#
..#.....###.##...
#.#.....# #.....##
#.......# #.....#


There were no monsters in sight!

Vanquished Creatures
  A worker ant (D:4)
  3 adders
  2 oozes
  3 worms
  2 dart slugs
  An orc (D:3)
  5 bats
  6 giant cockroaches
  9 goblins
  6 hobgoblins
  3 jackals (D:1)
  3 quokkas
  2 ball pythons
  4 giant newts
  A jackal skeleton (D:3)
  6 kobolds
  9 rats
66 creatures vanquished.

Vanquished Creatures (others)
  5 sheep (D:3)
5 creatures vanquished.

Grand Total: 71 creatures vanquished

Notes
Turn   | Place    | Note
--------------------------------------------------------------
     0 | D:1      | Chiseanne the Demonspawn Wizard began the quest for the Orb.
     0 | D:1      | Reached XP level 1. HP: 13/13 MP: 4/4
   647 | D:1      | Gained mutation: You are partially covered in large bone plates (AC +2, SH +2). [demonic ancestry]
   647 | D:1      | Reached XP level 2. HP: 19/19 MP: 3/6
  1112 | D:1      | Learned a level 2 spell: Blink
  1115 | D:1      | Learned a level 2 spell: Repel Missiles
  1626 | D:2      | Reached XP level 3. HP: 24/24 MP: 2/8
  1649 | D:2      | Learned a level 3 spell: Mephitic Cloud
  2762 | D:3      | Reached XP level 4. HP: 30/30 MP: 2/9
  2943 | D:3      | Learned a level 1 spell: Apportation
  2967 | D:3      | Found a sacrificial altar of Ru.
  3045 | D:3      | Found a shimmering altar of Xom.
  3051 | D:3      | Reached skill level 4 in Spellcasting
  3857 | D:3      | Found a burning altar of Makhleb.
  3858 | D:3      | Found a basalt altar of Yredelemnul.
  3860 | D:3      | Found a shattered altar of Ashenzari.
  4149 | D:4      | Gained mutation: You have sharp fingernails. [demonic ancestry]
  4149 | D:4      | Reached XP level 5. HP: 35/35 MP: 3/11
  4150 | D:4      | Quit the game

Skill      XL: |  1  2  3  4 |
---------------+-------------+-----
Conjurations   | 2 3 |  3.5
Spellcasting   | 4 |  4.3
Dodging        | |  1.7
Stealth        | |  1.7
Summonings     | |  1.0
Translocations | |  0.8

Action                   |  1- 3 |  4- 6 || total
-------------------------+-------+-------++-------
Melee: Unarmed           |    21 |       ||    21
       Short sword       |     5 |       ||     5
       Spear             |       |    10 ||    10
 Cast: Magic Dart        |   100 |    76 ||   176
       Repel Missiles    |     1 |       ||     1
       Blink             |       |     2 ||     2
       Apportation       |       |     1 ||     1
  Use: Scroll            |     5 |       ||     5
 Stab: Sleeping          |     1 |       ||     1
  Eat: Chunk             |     5 |     5 ||    10
Armor: Robe              |    10 |     8 ||    18
Dodge: Dodged            |    36 |    10 ||    46
       Deflected         |     2 |       ||     2
Block: Other             |       |     1 ||     1
